Map: Efflorescence LE

Players

brutuss - Winner!

  • Race: Zerg Zerg
  • League: Diamond
  • Spawn Location: 6:00

raquel - Winner!

  • Race: Protoss Protoss
  • Spawn Location: 9:00

Nyck

  • Race: Terran Terran
  • Spawn Location: 3:00

Ekelpack

  • Race: Zerg Zerg
  • Spawn Location: 12:00

VOD

Have the link to the VOD?

Description

Time

  • Played on: Sept. 17, 2020, 3:06 p.m.
  • Length: 15:22
Show
View Real Time Build Order
Export as new Build Order

brutuss Zerg - Winner!

Build Orders: Hatch First, Lurkers 

Get SALT Encoding   

  12  0:02  Drone  
  13  0:08  Drone  
  14  0:18  Overlord  
  14  0:36  Drone x2  
  14  0:37  Drone  
  17  0:56  Hatchery  
  16  1:00  Drone  
  16  1:01  Drone  
  18  1:08  Extractor  
  17  1:17  Spawning Pool  
  16  1:20  Drone  
  17  1:27  Drone  
  18  1:34  Overlord  
  18  1:42  Drone  
  19  1:51  Drone  
  20  2:05  Queen  
  22  2:08  Metabolic Boost  
  22  2:12  Queen  
  22  2:14  Zergling x2  
  22  2:15  Zergling x2  
  26  2:16  Zergling x2  
  27  2:25  Drone  
  27  2:26  Drone  
  29  2:38  Drone x2  
  31  2:48  Drone, Overlord  
  32  2:56  Drone x2  
  34  3:01  Extractor  
  34  3:03  Lair  
  33  3:11  Drone x2  
  35  3:16  Drone x4  
  39  3:25  Overlord  
  39  3:26  Drone, Overlord  
  41  3:27  Drone  
  41  3:38  Drone, Overlord  
  41  3:51  Drone x2, Zergling x2  
  42  4:03  Zergling x8  
  42  4:04  Zergling x2  
  42  4:06  Pneumatized Carapace  
  47  4:10  Overlord  
  47  4:15  Evolution Chamber  
  47  4:16  Zergling x2, Evolution Chamber  
  46  4:17  Zergling x2  
  46  4:21  Baneling Nest  
  46  4:28  Extractor  
  45  4:31  Drone x2  
  45  4:32  Extractor  
  45  4:35  Overseer  
  45  4:37  Zergling x2  
  45  4:38  Zergling x6  
  50  4:50  Queen  
  50  4:52  Zerg Melee Weapons Level 1  
  52  4:55  Zerg Ground Armor Level 1  
  52  4:57  Zergling x10  
  55  5:12  Baneling x5  
  55  5:13  Baneling  
  55  5:14  Zergling x2  
  55  5:15  Zergling x8  
  60  5:22  Baneling  
  60  5:23  Baneling  
  51  6:02  Zergling x2, Overlord  
  51  6:03  Zergling x14  
  49  6:19  Zergling x2  
  49  6:20  Zergling x2  
  49  6:23  Spore Crawler  
  49  6:25  Spore Crawler  
  48  6:30  Spore Crawler  
  48  6:32  Spore Crawler  
  46  6:35  Centrifugal Hooks  
  46  6:38  Drone x4  
  46  6:39  Spore Crawler  
  49  6:40  Spore Crawler  
  49  6:43  Baneling x11  
  49  6:44  Baneling  
  48  6:53  Drone x5, Spore Crawler  
  52  7:11  Zerg Melee Weapons Level 2  
  52  7:15  Drone x3  
  53  7:16  Drone x3  
  58  7:27  Zergling x2  
  58  7:28  Zergling x6  
  62  7:34  Hatchery  
  61  7:42  Overseer  
  61  7:49  Zerg Ground Armor Level 2  
  61  7:52  Baneling x8  
  61  7:54  Zergling x2  
  61  7:55  Zergling x14  
  69  7:58  Overlord x2  
  69  8:02  Drone  
  70  8:18  Overseer  
  70  8:20  Zergling x2  
  70  8:21  Zergling x12  
  77  8:28  Baneling x8  
  77  8:42  Spore Crawler  
  65  9:15  Zergling x2, Overlord x2  
  65  9:16  Zergling x16  
  67  9:24  Zergling x2  
  67  9:25  Zergling x2  
  68  9:45  Zergling x2  
  68  9:46  Zergling x8  
  70  9:57  Queen x2  
  73  10:06  Spore Crawler  
  69  10:12  Spore Crawler x2  
  67  10:15  Spore Crawler  
  67  10:17  Spore Crawler  
  57  10:25  Baneling x14  
  57  10:26  Baneling x8  
  57  10:31  Zergling x12  
  63  10:40  Hatchery  
  62  10:49  Zergling x4  
  52  11:19  Spore Crawler  
  52  11:20  Spore Crawler, Hatchery  
  49  11:26  Spore Crawler  
  45  11:41  Baneling  
  45  11:42  Baneling x8  
  45  11:50  Hydralisk Den  
  44  12:04  Zergling x2  
  44  12:05  Zergling x34  
  58  12:24  Zergling x12  
  64  12:32  Lurker Den  
  64  12:33  Hydralisk x3  
  69  12:39  Hydralisk  
  69  12:40  Hydralisk x2  
  69  12:42  Baneling  
  69  12:43  Baneling x3  
  75  12:53  Grooved Spines  
  75  13:16  Hydralisk  
  75  13:17  Drone, Hydralisk x2  
  82  13:36  Lurker x5  
  82  13:39  Lurker  
  75  14:31  Zergling x2  
  75  14:32  Zergling x22  
Show
View Real Time Build Order
Export as new Build Order

raquel Protoss - Winner!

Build Orders: 1 Gate Expand 

Get SALT Encoding   

  12  0:03  Probe  
  13  0:24  Probe, Pylon  
  14  0:36  Assimilator, Probe  
  14  0:41  Assimilator  
  15  0:52  Gateway  
  15  0:53  Probe  
  16  1:05  Probe  
  17  1:18  Probe  
  18  1:34  Nexus  
  18  1:41  Zealot  
  20  1:52  Pylon  
  20  2:05  Probe  
  21  2:09  Zealot (Chrono Boost)  
  23  2:17  Probe  
  24  2:25  Cybernetics Core  
  24  2:29  Probe  
  25  2:39  Gateway  
  25  2:41  Probe  
  25  2:42  Gateway  
  26  2:55  Gateway  
  26  2:57  Probe  
  27  3:00  Warp Gate (Chrono Boost)  
  27  3:12  Probe, Pylon  
  28  3:13  Probe  
  29  3:24  Forge  
  29  3:34  Probe x2  
  31  3:46  Probe x2  
  33  3:52  Assimilator  
  33  3:54  Protoss Ground Weapons Level 1 (Chrono Boost)  
  33  3:56  Assimilator  
  33  4:33  Twilight Council  
  33  4:37  Stalker x2  
  33  4:38  Stalker x2  
  41  4:49  Pylon  
  41  4:57  Pylon  
  41  5:01  Pylon  
  41  5:08  Pylon  
  41  5:13  Pylon  
  41  5:16  Stalker x2  
  41  5:17  Stalker  
  41  5:18  Stalker  
  49  5:27  Charge  
  49  5:42  Protoss Air Weapons Level 1 (Chrono Boost)  
  49  5:47  Probe x2  
  49  5:48  Pylon  
  51  5:52  Protoss Ground Armor Level 1  
  51  5:55  Zealot  
  51  5:56  Zealot x3  
  59  5:59  Probe x2  
  61  6:15  Photon Cannon  
  61  6:22  Photon Cannon  
  61  6:29  Pylon  
  61  6:38  Pylon  
  61  6:43  Gateway  
  61  6:46  Gateway  
  61  6:50  Gateway x2  
  61  7:03  Stalker  
  61  7:04  Stalker  
  65  7:08  Stalker  
  65  7:12  Probe  
  65  7:36  Assimilator  
  65  7:44  Photon Cannon  
  65  7:45  Photon Cannon  
  65  7:49  Photon Cannon  
  65  8:04  Photon Cannon  
  65  8:07  Photon Cannon  
  65  8:10  Photon Cannon  
  65  8:21  Photon Cannon  
  65  8:24  Stalker  
  67  8:29  Probe x2  
  69  8:45  Protoss Ground Armor Level 2 (Chrono Boost)  
  69  8:53  Probe x2  
  71  8:58  Protoss Air Armor Level 1 (Chrono Boost)  
  71  9:17  Stalker  
  71  9:18  Stalker x2  
  77  9:26  Probe x2  
  37  9:56  Zealot  
  37  9:57  Zealot x5  
  37  9:58  Zealot x2  
  53  10:18  Stalker x2  
  53  10:19  Stalker  
  59  10:21  Stalker  
  45  10:48  Stalker x4  
  45  10:49  Stalker  
  55  10:53  Stalker  
  57  11:14  Stalker x3  
  57  11:16  Stalker  
  65  11:42  Protoss Ground Weapons Level 2 (Chrono Boost)  
  65  11:44  Blink (Chrono Boost)  
  65  12:13  Stalker x3, Nexus  
  65  12:15  Stalker  
  73  12:20  Zealot  
  75  12:25  Zealot  
  77  12:30  Zealot  
  79  12:47  Zealot x2  
  79  12:48  Zealot  
  81  13:18  Stalker x2  
  81  13:19  Stalker x3  
  91  13:34  Photon Cannon  
  91  13:36  Photon Cannon  
  91  13:39  Photon Cannon  
  91  13:42  Photon Cannon  
  91  13:44  Photon Cannon  
  91  13:51  Stalker  
  83  15:22  Pylon  
Show
View Real Time Build Order
Export as new Build Order

Nyck Terran 

Build Orders:  

Get SALT Encoding   

  12  0:01  SCV  
  13  0:15  Refinery  
  13  0:17  SCV  
  14  0:29  SCV  
  14  0:30  Supply Depot  
  15  0:52  SCV  
  15  0:56  Barracks  
  16  1:02  Supply Depot  
  16  1:04  SCV  
  17  1:16  SCV  
  18  1:26  Supply Depot  
  18  1:28  SCV  
  19  1:40  SCV  
  20  1:47  Barracks Tech Lab  
  20  1:52  SCV, Barracks  
  21  2:02  Refinery  
  21  2:05  Orbital Command  
  21  2:19  Marauder  
  23  2:29  Concussive Shells  
  23  2:35  SCV  
  24  2:39  Marine  
  24  2:41  Marauder  
  27  2:46  Barracks  
  27  2:47  SCV  
  28  2:58  Supply Depot  
  28  2:59  SCV  
  28  3:02  Marine  
  28  3:04  Marauder  
  32  3:12  Combat Shield  
  32  3:17  SCV  
  33  3:20  Marine  
  33  3:23  Engineering Bay  
  34  3:30  Engineering Bay  
  34  3:33  Marine  
  35  3:38  Marine  
  35  3:39  Marine  
  37  3:51  Marine  
  38  3:56  Marine  
  38  4:02  Marine  
  40  4:09  Terran Infantry Weapons Level 1  
  40  4:11  Supply Depot  
  40  4:14  Terran Infantry Armor Level 1  
  40  4:19  SCV  
  40  4:20  Marauder  
  43  4:27  Marine  
  43  4:30  Marine  
  45  4:46  Command Center  
  45  4:52  Marauder  
  47  4:53  Marine x2  
  49  5:12  Marine x2  
  49  5:13  Marauder  
  53  5:15  Stimpack  
  53  5:26  Factory  
  53  5:45  SCV  
  54  5:57  SCV  
  55  6:16  Armory  
  55  6:21  Barracks Reactor x2  
  55  6:29  Marauder  
  57  6:46  Orbital Command  
  57  6:53  SCV  
  58  7:03  Refinery  
  58  7:04  Refinery  
  58  7:05  SCV  
  58  7:06  Terran Infantry Weapons Level 2  
  58  7:07  Terran Infantry Armor Level 2  
  59  7:08  Marine  
  59  7:09  Marine x3  
  59  7:10  Marauder  
  65  7:17  SCV  
  66  7:23  Starport  
  66  7:26  Marine x3  
  66  7:27  Marine  
  70  7:35  Supply Depot  
  70  7:41  Missile Turret  
  70  7:45  Missile Turret  
  70  7:52  Missile Turret  
  70  7:57  SCV x2, Marauder  
  74  7:59  Supply Depot  
  74  8:03  Marine x3  
  74  8:04  Marine  
  78  8:20  SCV x2, Marauder  
  78  8:21  Supply Depot, Marine x3  
  85  8:32  SCV  
  86  8:37  Marine  
  87  8:42  Marauder  
  89  8:57  Medivac  
  91  9:17  SCV  
  92  9:23  Command Center  
  81  9:26  Medivac  
  81  9:29  SCV  
  81  10:07  Marine x2  
  81  10:08  Marine x2  
  81  10:09  Marauder  
  81  10:12  Terran Infantry Weapons Level 3  
  81  10:13  Terran Infantry Armor Level 3  
  87  10:31  Marauder  
  54  10:56  Marauder  
  50  11:18  Marauder  
  52  11:23  Marine x4  
  56  11:38  Starport Reactor  
  56  11:39  Marauder  
  58  11:42  Marine x4  
  62  11:58  SCV  
  62  12:00  Marine x3  
  62  12:01  Marauder  
  68  12:10  SCV  
  68  12:11  SCV  
  70  12:22  Marauder  
  72  12:35  Supply Depot  
  72  12:39  Marine x3  
  72  12:40  Marine  
  72  12:43  Marauder  
  78  12:57  Supply Depot, Marine x4  
  82  13:05  Marauder  
  84  13:09  Command Center  
  84  13:13  Medivac x2  
  86  13:20  Supply Depot  
  85  13:42  Planetary Fortress  
  85  13:43  Supply Depot  
  85  13:46  Marine  
  85  13:47  Marine x3  
  91  13:48  Marauder  
  91  13:52  Medivac  
  91  13:53  Medivac  
  95  14:04  Marine x2  
  95  14:05  Marine x2  
  95  14:06  Supply Depot  
  101  14:10  Marauder  
  101  14:22  Marine x4, Medivac  
  101  14:23  Medivac  
  97  14:29  Supply Depot  
  72  14:31  Marauder  
  72  14:40  Marine x4  
  72  14:52  Marauder  
  73  14:58  Marine x4  
Show
View Real Time Build Order
Export as new Build Order

Ekelpack Zerg 

Build Orders: Hatch First 

Get SALT Encoding   

  12  0:01  Drone  
  13  0:10  Drone  
  14  0:18  Overlord  
  14  0:26  Drone, Extractor  
  14  0:40  Drone x2  
  16  1:00  Hatchery  
  16  1:02  Drone  
  16  1:06  Drone  
  17  1:23  Spawning Pool  
  16  1:28  Drone  
  16  1:32  Drone  
  18  1:35  Drone  
  19  1:42  Drone  
  20  1:50  Overlord  
  20  1:59  Extractor  
  19  2:10  Queen  
  19  2:12  Queen  
  23  2:18  Drone  
  24  2:28  Drone x3  
  27  2:31  Drone  
  28  2:44  Overlord  
  28  2:46  Drone x2  
  30  2:56  Drone  
  30  2:58  Overlord  
  31  3:04  Lair  
  31  3:10  Drone  
  32  3:24  Drone, Queen  
  35  3:27  Drone  
  35  3:28  Zergling x2  
  35  3:29  Zergling x4  
  35  3:32  Metabolic Boost  
  37  3:45  Zergling x4  
  32  4:03  Drone x4  
  32  4:09  Spire  
  35  4:13  Drone  
  35  4:16  Extractor  
  35  4:18  Extractor  
  35  4:22  Drone  
  35  4:36  Drone x4  
  39  4:40  Drone x3  
  41  5:17  Queen  
  43  5:27  Mutalisk  
  43  5:28  Mutalisk x3  
  47  5:30  Overlord  
  47  5:31  Overlord x2  
  33  6:05  Drone  
  33  6:06  Drone x5  
  39  6:25  Mutalisk x5  
  49  6:36  Queen  
  51  6:49  Drone x2  
  53  7:00  Zerg Flyer Weapons Level 1  
  53  7:31  Mutalisk x4  
  61  7:46  Overseer  
  61  7:50  Drone x2  
  61  7:51  Drone x2  
  65  7:52  Overlord x2  
  65  8:16  Overlord x2  
  65  8:17  Zergling x6  
  68  8:22  Drone, Queen  
  68  8:25  Hatchery  
  70  8:31  Mutalisk x3  
  70  8:32  Mutalisk x2  
  75  9:30  Extractor  
  72  9:32  Extractor  
  65  9:42  Drone x2  
  65  9:43  Drone x6  
  39  10:01  Drone x4  
  39  10:06  Drone x4  
  44  10:07  Drone  
  44  10:13  Queen  
  44  10:29  Queen, Spire  
  44  10:32  Queen  
  44  10:33  Drone  
  44  10:34  Drone x2  
  50  10:45  Hydralisk Den  
  50  10:46  Drone x3  
  52  11:03  Drone  
  53  11:11  Drone  
  54  11:15  Drone x3  
  49  11:38  Drone  
  49  11:39  Drone  
  50  11:45  Hydralisk x6  
  50  11:46  Hydralisk x3  
  68  11:51  Drone x2  
  70  12:06  Drone  
  70  12:07  Drone  
  72  12:10  Drone  
  72  12:11  Drone x2  
  61  12:24  Grooved Spines  
  61  12:33  Zergling x12  
  61  12:34  Zergling x2  
  68  12:52  Hydralisk  
  68  12:53  Zergling x10  
  68  12:54  Zergling x4  
  75  13:07  Zergling x4  
  75  13:08  Zergling x6  
  80  13:26  Evolution Chamber  
  79  13:29  Evolution Chamber  
  79  13:30  Drone x2  
  77  13:44  Drone  
  77  13:46  Drone x3  
  81  13:51  Extractor  
  80  14:00  Drone x2  
  82  14:17  Drone  
  82  14:18  Drone x5  
  82  14:20  Drone x2  
  82  14:21  Drone  
  61  14:41  Mutalisk x2  
  61  14:42  Mutalisk  
  61  14:44  Zergling x6  
  61  14:45  Zergling x6  
Tags
 
Add a new tag
Caveats
  • Supply blocks, unpowered buildings, or Contaminate may cause inaccurate times.
  • Supply counts are checked every 10 seconds.